 Dungeon Crawl Stone Soup version 0.26.1-11-gd32895ea62 (webtiles) character file.

Game seed: 461836973269673933

93 H0rd4k the Insei (level 4, -3/28 HPs)
             Began as an Octopode Transmuter on May 11, 2021.
             Killed by divine providence
             ... invoked by an orc priest
              (11 damage)
             ... on level 4 of the Dungeon.
             The game lasted 00:01:57 (2642 turns).

H0rd4k the Insei (Octopode Transmuter)              Turns: 2642, Time: 00:01:58

Health: -3/28      AC:  1    Str:  9    XL:     4   Next: 62%
Magic:  7/7        EV: 14    Int: 16    God:
Gold:   99         SH:  0    Dex: 12    Spells: 3/7 levels left

rFire    . . .     SeeInvis .     - Unarmed
rCold    . . .     Faith    .   (no shield)
rNeg     . . .     Spirit   .   (helmet restricted)
rPois    +         Reflect  .   (no amulet)
rElec    .         Harm     .   c - ring of poison resistance
rCorr    .         Rampage  .   (no ring)
Will     .....                  (no ring)
Stlth    ++........             (no ring)
HPRegen  0.09/turn              (no ring)
MPRegen  0.10/turn              (no ring)
                                (no ring)
                                (no ring)

@: about to teleport, attractive
A: almost no armour, stealthy swim, amphibious, 8 rings, constrict 8, camouflage
1, gelatinous body 1
a: no special abilities


You were on level 4 of the Dungeon.
You visited 1 branch of the dungeon, and saw 4 of its levels.

You collected 99 gold pieces.

Inventory:

Jewellery
 c - a ring of poison resistance (left tentacle)
Scrolls
 a - 2 scrolls of identify
 b - 2 scrolls of teleportation
 e - a scroll of immolation {unknown}
 g - a scroll of enchant weapon
 h - 2 scrolls of remove curse {unknown}
 l - a scroll of amnesia {unknown}
Potions
 d - a potion of curing {unknown}
 f - 2 potions of brilliance
 j - a potion of haste
 k - a potion of degeneration {unknown}


   Skills:
 + Level 1.0 Fighting
 + Level 2.7 Dodging
 + Level 4.0 Unarmed Combat
 * Level 2.3 Spellcasting
 * Level 2.4 Transmutations
 + Level 1.2 Poison Magic


You had 3 spell levels left.
You knew the following spells:

 Your Spells              Type           Power        Failure   Level
a - Beastly Appendage     Tmut           18%          8%          1
b - Spider Form           Tmut/Pois      3%           28%         3

Your spell library contained the following spells:

 Spells                   Type           Power        Failure   Level
 Wereblood                Tmut           9%           11%         2
 Ice Form                 Ice/Tmut       5%           75%         4
 Blade Hands              Tmut           4%           90%         5


Dungeon Overview and Level Annotations

Branches:
Dungeon (4/15)
 Temple: D:4-7

Altars:


Innate Abilities, Weirdness & Mutations

You cannot wear most types of armour.
You are very stealthy in the water. (Stealth+)
You are amphibious.
You can wear up to eight rings at the same time.
You can use your tentacles to constrict eight enemies at once.
Your skin changes colour to match your surroundings (Stealth+).
Your rubbery body absorbs attacks. (AC +1, EV +1)


Message History

The orc wizard hits you with a +0 dagger.
As you read the scroll labelled LAONEAQEOT, it crumbles to dust.
It is a scroll of enchant weapon.
You aren't carrying any weapons that can be enchanted.
The orc wizard casts a spell at you. The magic dart hits you.
The orc priest begins to cast a cantrip, but forgets the words!
As you read the scroll labelled LURO XEMUMP, it crumbles to dust.
You feel strangely unstable.
It was a scroll of teleportation.
The orc wizard casts a spell.
The orc wizard blinks!
The orc wizard hits you but does no damage.
The orc priest shouts!
It was a potion of attraction.
You feel attractive to monsters.
The orc wizard hits you with a +1 vampiric dagger.
* * * LOW HITPOINT WARNING * * *
The orc priest invokes the aid of Beogh against you.
Beogh smites you!
You die...

#### ####### #...
####.....# #...
#######o.......####...
+oooo@oo.......+..'...
#######o.......####...
#........# #...
#######........####...
+..oo.'...........'...
#######....########...
###### #... #### #


You could see 3 orc priests, 2 orc wizards and 3 orcs.

Vanquished Creatures
  2 adders (D:2)
  2 oozes
  A worm (D:2)
  A dart slug (D:1)
  2 leopard geckos (D:1)
  5 bats
  5 giant cockroaches
  6 goblins
  5 hobgoblins
  10 jackals
  6 kobolds
  A quokka (D:2)
  7 frilled lizards
  5 rats (D:1)
58 creatures vanquished.

Notes
Turn   | Place    | Note
-------+----------+-------------------------------------------
     0 | D:1      | H0rd4k the Octopode Transmuter began the quest for the Orb.
     0 | D:1      | Reached XP level 1. HP: 13/13 MP: 3/3
   120 | D:1      | Reached XP level 2. HP: 18/18 MP: 5/5
   642 | D:1      | Reached XP level 3. HP: 14/23 MP: 6/6
   646 | D:1      | Learned a level 3 spell: Spider Form
  1306 | D:2      | Reached skill level 1 in Poison Magic
  1330 | D:2      | Reached XP level 4. HP: 14/28 MP: 7/7
  2013 | D:2      | Reached skill level 4 in Unarmed Combat
  2642 | D:4      | Killed from afar by an orc priest

Illustrated notes

Levels and vault maps discovered:
D:1:      saegor_arrival_simple_e, layout_basic, minmay_misc_feat_diagonals,
          minmay_strange_pillars
D:2:      layout_rooms, minmay_tripent
D:3:      layout_basic, hangedman_abyss_or_decor_lesser_grid, kennysheep_potato,
          uniq_crazy_yiuf_cottage
D:4:      layout_basic, kennysheep_generic_room_9

Skill      XL: |  1  2  3  4 |
---------------+-------------+-----
Poison Magic   | 1 |  1.2
Unarmed Combat | 4 |  4.0
Fighting       | |  1.0
Dodging        | |  2.7
Spellcasting   | |  2.3
Transmutations | |  2.4

Action                   |  1- 3 |  4- 6 || total
-------------------------+-------+-------++-------
Melee: Unarmed           |   101 |    51 ||   152
       Constrict         |    27 |    11 ||    38
       Tentacles         |    15 |     2 ||    17
       Punch             |     3 |     1 ||     4
  Use: Scroll            |       |     3 ||     3
       Potion            |       |     1 ||     1
 Stab: Sleeping          |     3 |     5 ||     8
       Distracted        |     1 |       ||     1
Armor: Skin              |    14 |     4 ||    18
Dodge: Dodged            |    62 |    32 ||    94
